 Dungeon Crawl Stone Soup version 0.23.2-1-ga50397a (webtiles) character file.

Game seed: 11635249160359449864

67167 Borgoz the Carver (level 15, -12/129 HPs)
             Began as a Ghoul Monk on May 25, 2019.
             Was a High Priest of Ashenzari.
             Mangled by a tyrant leech (14 damage)
             ... on level 6 of the Lair of Beasts.
             The game lasted 01:04:11 (23687 turns).

Borgoz the Carver (Ghoul Monk)                     Turns: 23687, Time: 01:04:12

Health: -12/129    AC: 23    Str: 27    XL:     15   Next: 22%
Magic:  7/15       EV: 18    Int:  4    God:    Ashenzari [*****.]
Gold:   223        SH:  0    Dex: 20    Spells: 14/14 levels left

rFire    + . .     SeeInvis +   a - +8 falchion "Domnoh" {slice, rElec rN+ MR+ Str+4}
rCold    + + +     Gourm    .   (no shield)
rNeg     + + +     Faith    .   w - +5 chain mail of Guorumoa {+Inv rPois rC+ Str-4}
rPois    ∞         Spirit   .   (no helmet)
rElec    +         Reflect  .   (no cloak)
rCorr    +         Harm     .   q - +1 pair of gloves of the Villain {rN+ Dex+6}
MR       ++...     Clarity  +   i - +2 pair of boots
Stlth    ..........             J - amulet of Law {Acrobat rF+ rC+}
HPRegen  0.00/turn              z - ring of Teju {rCorr Str+6 Int-2 Dex+3}
MPRegen  0.14/turn              h - +3 ring of slaying

@: rotting, slowed, very slow
A: rotting body, claws 1, carnivore, cold resistance 1, negative energy
resistance 3, inhibited regeneration, torment resistance, unbreathing
a: Curse Item, Scrying, Transfer Knowledge, Renounce Religion, Evoke
Invisibility


You were on level 6 of the Lair of Beasts.
You worshipped Ashenzari.
Ashenzari was extremely pleased with you.
You were not hungry.

You visited 3 branches of the dungeon, and saw 22 of its levels.
You visited 1 bazaar.
You also visited: Ossuary and Gauntlet.

You collected 1841 gold pieces.
You spent 1618 gold pieces at shops.

Inventory:

Hand Weapons
 a - the +8 falchion "Domnoh" (weapon) {slice, rElec rN+ MR+ Str+4}
   (You found it on level 8 of the Dungeon)

   It inflicts extra damage upon your enemies.
   It affects your strength (+4).
   It insulates you from electricity.
   It protects you from negative energy.
   It affects your resistance to hostile enchantments.
 b - a +4 scimitar of flaming
 M - a +5 great sword of venom
Armour
 i - a +2 pair of boots (worn)
 q - the +1 pair of gloves of the Villain (worn) {rN+ Dex+6}
   (You bought it in a shop in a bazaar)

   It affects your dexterity (+6).
   It protects you from negative energy.
 v - a +1 ring mail of magic resistance
 w - the +5 chain mail of Guorumoa (worn) {+Inv rPois rC+ Str-4}
   (You bought it in a shop on level 13 of the Dungeon)

   It affects your strength (-4).
   It protects you from cold.
   It protects you from poison.
   It lets you turn invisible.
 K - a +2 ring mail of fire resistance
Jewellery
 h - a +3 ring of slaying (right hand)
 j - the ring of the Frog {rElec rC+ Int+4 SInv}
   (You bought it in a shop in a bazaar)

   [ring of see invisible]

   It affects your intelligence (+4).
   It protects you from cold.
   It insulates you from electricity.
   It lets you see invisible.
 t - an uncursed amulet of guardian spirit
 u - an uncursed ring of flight
 x - an uncursed ring of protection from cold
 z - the ring of Teju (left hand) {rCorr Str+6 Int-2 Dex+3}
   (You found it in a Gauntlet)

   [ring of resist corrosion]

   It affects your strength (+6).
   It affects your intelligence (-2).
   It affects your dexterity (+3).
 D - a +3 ring of intelligence
 J - the amulet of Law (around neck) {Acrobat rF+ rC+}
   (You took it off a wight on level 14 of the Dungeon)

   [amulet of the acrobat]

   It helps you evade while moving and waiting.
   It protects you from fire.
   It protects you from cold.
Wands
 k - a wand of flame (38)
 r - a wand of acid (14)
 B - a wand of digging (5)
 C - a wand of iceblast (23)
 F - a wand of paralysis (13)
 I - a wand of disintegration (6)
Scrolls
 e - a scroll of fear
 g - 8 scrolls of remove curse
 l - 4 scrolls of enchant armour
 m - 6 scrolls of teleportation
 n - 4 scrolls of fog
 o - a scroll of blinking
 p - 2 scrolls of torment
 A - a scroll of silence
 H - 4 scrolls of magic mapping
Potions
 d - a potion of cancellation
 E - 2 potions of flight
 L - a potion of ambrosia
 N - a potion of haste
Comestibles
 c - 40 rations
 G - 15 chunks of flesh


   Skills:
 + Level 11.1 Fighting
 * Level 13.0 Long Blades
 * Level 12.5 Armour
 * Level 12.8 Dodging
 - Level 2.1 Stealth
   Level 5.0 Shields
 - Level 2.0 Evocations


You had 14 spell levels left.
You didn't know any spells.
Your spell library contained the following spells:

 Spells                   Type           Power        Failure   Level  Hunger
 Animate Skeleton         Necr           N/A          93%         1    ##.....
 Apportation              Tloc           #.....       93%         1    ##.....
 Confusing Touch          Hex            #.....       93%         1    ##.....
 Flame Tongue             Conj/Fire      #....        93%         1    ##.....
 Freeze                   Ice            #...         93%         1    ##.....
 Summon Butterflies       Summ           #.......     93%         1    ##.....
 Summon Small Mammal      Summ           #...         93%         1    ##.....
 Ensorcelled Hibernation  Hex/Ice        #.....       98%         2    ###....
 Poisonous Vapours        Pois/Air       #.....       98%         2    ###....
 Throw Flame              Conj/Fire      #.....       98%         2    ###....
 Throw Frost              Conj/Ice       #.....       98%         2    ###....
 Conjure Flame            Conj/Fire      #.......     100%        3    ####...
 Ignite Poison            Fire/Tmut/Pois #.......     100%        3    ####...
 Inner Flame              Hex/Fire       #.......     100%        3    ####...
 Lesser Beckoning         Tloc           #.........   100%        3    ####...
 Mephitic Cloud           Conj/Pois/Air  #.......     100%        3    ####...
 Ozocubu's Armour         Chrm/Ice       #.......     100%        3    ####...
 Tukima's Dance           Hex            #.......     100%        3    ####...
 Sticky Flame             Conj/Fire      #.......     100%        4    #####..
 Summon Ice Beast         Ice/Summ       #.......     100%        4    #####..
 Throw Icicle             Conj/Ice       #.......     100%        4    #####..
 Alistair's Intoxication  Tmut/Pois      #.......     100%        5    ######.
 Borgnjor's Vile Clutch   Necr/Erth      #.........   100%        5    ######.
 Fireball                 Conj/Fire      #.........   100%        5    ######.
 Silence                  Hex/Air        #.........   100%        5    ######.
 Bolt of Fire             Conj/Fire      #.........   100%        6    #######
 Darkness                 Hex            #.........   100%        6    #######
 Freezing Cloud           Conj/Ice/Air   #.........   100%        6    #######
 Invisibility             Hex            #.......     100%        6    #######
 Shadow Creatures         Summ           N/A          100%        6    #######
 Ring of Flames           Chrm/Fire      #.........   100%        7    #######
 Ignition                 Fire           #.........   100%        8    #######


Dungeon Overview and Level Annotations

Branches:
Dungeon (15/15)            Temple (1/1) D:7            Lair (6/6) D:10
  Swamp (0/4) Lair:4       Spider (0/4) Lair:4        Slime (0/5) Lair:5
    Orc (0/2) D:9          Depths (0/5) D:15
 Vaults: D:13-14

Altars:
Ashenzari
Cheibriados
Dithmenos
Elyvilon
Fedhas
Gozag
Hepliaklqana
Kikubaaqudgha
Makhleb
Nemelex Xobeh
Okawaru
Qazlal
Ru
Sif Muna
Trog
Uskayaw
Vehumet
Wu Jian
Xom
Yredelemnul
Zin
The Shining One

Shops:
D:8 (   D:11 !   D:13 [   D:14 *   D:15 *

Annotations:
Lair:6 1 runed translucent door


Innate Abilities, Weirdness & Mutations

Your body is rotting away.
You thrive on raw meat.
You are immune to poison.
You have sharp fingernails.
You are carnivorous and can eat meat at any time.
Your flesh is cold resistant. (rC+)
You are immune to negative energy. (rN+++)
You do not regenerate when monsters are visible.
You are immune to unholy pain and torment.
You can survive without breathing.


Message History

The tyrant leech misses you.
You hit the torpor snail.
The torpor snail is severely wounded.
The torpor snail bites you!
* * * LOW HITPOINT WARNING * * *
The tyrant leech bites you but does no damage.
You feel better. The torpor snail bites you!
* * * LOW HITPOINT WARNING * * *
The tyrant leech closely misses you.
You feel better. The torpor snail misses you.
You riposte.
You slash the torpor snail!
The torpor snail is almost dead.
The tyrant leech bites you.
* * * LOW HITPOINT WARNING * * *
Eat one of 16 chunks of flesh? (ye/n/q)
You eat one of the 16 chunks of flesh.
This raw flesh tastes great!
The torpor snail bites you.
* * * LOW HITPOINT WARNING * * *
The tyrant leech bites you!
You die...

# ###### ####
#####....###
...#####..........##
.....##....P###.@w/#
#.....#..#### ###w.#
###.....## #/...#
#.#....######.....#
##.#....P.#.##...##
##.#.......######
####.P..#...##
#.#...#.##...##
###...#.####...##


You could see a tyrant leech and a torpor snail.

Vanquished Creatures
  A minotaur (Gauntlet)
  An ogre mage (D:6)
  Harold (Lair:2)
  Josephine (D:12)
  Erolcha (D:13)
  6 hydras
  3 two-headed ogres
  9 death yaks (Lair:4)
  A centaur warrior (D:14)
  Urug (D:12)
  A fire crab (Gauntlet)
  2 unseen horrors
  A wizard (D:14)
  A lindwurm (Lair:6)
  A wolf spider (Lair:6)
  3 ugly things
  The ghost of bmj180 the Conjurer, a novice DrCj (D:6)
  17 deep elf magi
  An oklob plant (Lair:1)
  A cyclops (D:14)
  An elephant (Lair:3)
  2 centaur zombies (D:12)
  2 black mambas
  4 torpor snails (Lair:6)
  2 rust devils (D:10)
  8 spiny frogs
  A gargoyle (D:14)
  2 rime drakes
  10 komodo dragons
  4 kobold demonologists (D:13)
  An efreet (D:13)
  A yaktaur (D:13)
  A troll (D:10)
  A tengu conjurer (D:14)
  3 tyrant leeches (Lair:6)
  2 polar bears
  20 blink frogs
  6 hornets (Lair:6)
  5 hippogriffs
  A bog body (Lair:4)
  3 water elementals
  18 yaks
  A spriggan (D:7)
  2 shadows
  A redback (Lair:4)
  7 wraiths
  3 wyverns
  Grum (D:8)
  3 fire bats (Gauntlet)
  A steam dragon (Lair:2)
  3 hungry ghosts
  5 basilisks
  2 vampire mosquitoes (D:15)
  A soldier ant (D:12)
  4 swamp worms (Lair:4)
  A hell hound (Gauntlet)
  9 porcupines
  5 water moccasins
  6 ice beasts
  6 orc warriors
  A hornet zombie (D:11)
  A black bear (D:6)
  An eye of draining (D:14)
  A phantom (D:12)
  2 sky beasts
  A necrophage (D:7)
  11 ogres
  8 wolves
  11 centaurs
  9 crocodiles
  17 bullfrogs
  3 big kobolds
  A wyvern zombie (D:13)
  3 gnoll sergeants (D:8)
  3 scorpions
  A water moccasin zombie (D:8)
  A wyvern skeleton (D:7)
  18 wights
  An electric eel (Lair:4)
  8 crimson imps
  A quasit (D:8)
  10 orc priests
  12 hounds
  2 jellies
  4 gnoll shamans (D:8)
  2 bullfrog skeletons
  9 orc wizards
  A bullfrog zombie (D:7)
  6 centaur skeletons
  6 iguanas
  11 worker ants
  2 hound zombies
  2 hound skeletons
  8 mummies (Ossuary)
  21 gnolls
  10 adders
  A shadow imp (D:13)
  2 oozes
  2 adder skeletons
  2 adder zombies
  4 worms
  A dart slug (D:2)
  5 leopard geckos
  36 orcs
  6 bats
  4 giant cockroaches
  5 hobgoblins
  10 jackals
  16 kobolds
  8 quokkas
  A ball python (D:1)
  4 frilled lizards
  A gnoll zombie (Ossuary)
  2 goblins
  3 hobgoblin zombies (Ossuary)
  3 kobold zombies (Ossuary)
  An orc zombie (Ossuary)
  3 rats
  A bush (Lair:1)
  4 fungi
  5 plants (Lair:1)
552 creatures vanquished.

Vanquished Creatures (others)
  3 deep elf magi
  An orc wizard (D:6)
  18 fungi
  10 plants
  11 toadstools (Lair:1)
43 creatures vanquished.

Grand Total: 595 creatures vanquished

Notes
Turn   | Place    | Note
-------+----------+-------------------------------------------
     0 | D:1      | Borgoz the Ghoul Monk began the quest for the Orb.
     0 | D:1      | Reached XP level 1. HP: 19/19 MP: 0/0
   162 | D:1      | Reached XP level 2. HP: 25/26 MP: 1/1
   183 | D:1      | Reached skill level 3 in Long Blades
   644 | D:1      | Reached skill level 1 in Armour
   644 | D:1      | Reached XP level 3. HP: 25/31 MP: 2/2
  1131 | D:2      | Found a deep blue altar of Sif Muna.
  1131 | D:2      | Found a bloodstained altar of Trog.
  1133 | D:2      | Found a blossoming altar of Fedhas.
  1287 | D:2      | Found a stormy altar of Qazlal.
  1384 | D:2      | Reached XP level 4. HP: 28/38 MP: 3/3
  1637 | D:3      | Reached skill level 4 in Long Blades
  1658 | D:3      | Reached XP level 5. HP: 41/45 MP: 4/4
  2315 | D:4      | Reached XP level 6. HP: 20/51 MP: 0/5
  2490 | D:4      | Found a shimmering altar of Xom.
  2496 | D:4      | Found a glowing golden altar of the Shining One.
  2496 | D:4      | Found an ornate altar of the Wu Jian Council.
  2623 | D:4      | Found a sand-covered staircase.
  2629 | Ossuary  | Entered an ossuary
  2907 | Ossuary  | Reached skill level 1 in Shields
  3262 | D:5      | Entered Level 5 of the Dungeon
  3305 | D:5      | Reached XP level 7. HP: 14/57 MP: 2/6
  3578 | D:5      | Reached skill level 5 in Long Blades
  3886 | D:5      | Reached XP level 8. HP: 64/67 MP: 7/7
  4173 | D:6      | Reached skill level 5 in Dodging
  4717 | D:7      | Found a staircase to the Ecumenical Temple.
  4740 | D:7      | Reached skill level 6 in Long Blades
  4747 | D:7      | Reached skill level 5 in Fighting
  4800 | D:7      | Reached XP level 9. HP: 17/74 MP: 3/8
  4849 | Temple   | Entered the Ecumenical Temple
  4894 | Temple   | Became a worshipper of Ashenzari the Shackled
  4894 | Temple   | Reached * piety under Ashenzari
  4894 | Temple   | Reached ** piety under Ashenzari
  5259 | D:7      | Reached skill level 5 in Armour
  5346 | D:7      | Found a sacrificial altar of Ru.
  5918 | D:8      | Got the falchion "Domnoh" {slice, rElec rN+ MR+ Str+4}
  5930 | D:8      | Identified the +8 falchion "Domnoh" {slice, rElec rN+ MR+
                  | Str+4} (You found it on level 8 of the Dungeon)
  6032 | D:8      | Reached skill level 7 in Long Blades
  6171 | D:8      | Noticed Grum
  6176 | D:8      | Killed Grum
  6228 | D:8      | Reached XP level 10. HP: 76/83 MP: 9/9
  6396 | D:8      | Found a burning altar of Makhleb.
  6421 | D:8      | Found Jopn's Antique Weapon Shop.
  6436 | D:8      | Found a hazy altar of Hepliaklqana.
  7802 | D:6      | Noticed an ogre mage
  7803 | D:6      | Found a transporter.
  7835 | D:6      | Found a transporter.
  7835 | D:6      | Noticed bmj180's ghost (novice DrCj)
  8061 | D:6      | Killed bmj180's ghost
  8061 | D:6      | Reached skill level 8 in Long Blades
  8067 | D:6      | Killed an ogre mage
  8654 | D:9      | Noticed a two-headed ogre
  8672 | D:9      | Killed a two-headed ogre
  8672 | D:9      | Reached XP level 11. HP: 46/91 MP: 5/10
  9115 | D:9      | Found a staircase to the Orcish Mines.
  9248 | D:10     | Entered Level 10 of the Dungeon
  9533 | D:10     | Found a staircase to the Lair.
  9566 | D:10     | Reached skill level 5 in Shields
  9756 | D:10     | Reached *** piety under Ashenzari
 10276 | D:11     | Reached skill level 9 in Long Blades
 10447 | D:11     | Found Ceceimof's Distillery.
 10731 | D:11     | Noticed a white ugly thing
 10741 | D:11     | Killed a white ugly thing
 10879 | D:11     | Found a shimmering altar of Xom.
 11511 | D:12     | Noticed a red ugly thing
 11524 | D:12     | Killed a red ugly thing
 11575 | D:12     | Noticed a four-headed hydra
 11707 | Lair:1   | Entered Level 1 of the Lair of Beasts
 11912 | Lair:1   | Found a glowing golden altar of the Shining One.
 12175 | Lair:1   | Reached XP level 12. HP: 91/101 MP: 9/11
 12231 | Lair:1   | Reached skill level 1 in Evocations
 12664 | Lair:1   | Found a blossoming altar of Fedhas.
 13226 | Lair:2   | Noticed a five-headed hydra
 13245 | Lair:2   | HP: 3/100 [five-headed hydra (10)]
 13730 | D:10     | Reached skill level 10 in Long Blades
 13766 | D:10     | Got the morningstar of Extinguishment {freeze, rF- rC+
                  | Dex+4}
 13928 | D:11     | Killed a four-headed hydra
 14023 | D:12     | Noticed Urug
 14032 | D:12     | Killed Urug
 14060 | D:12     | Reached **** piety under Ashenzari
 14103 | D:12     | Reached skill level 10 in Dodging
 14745 | D:10     | Got the war axe "Kutal" {venom, rElec rPois Int-5 Dex+5}
 14763 | Lair:1   | Identified the +8 morningstar of Extinguishment {freeze,
                  | rF- rC+ Dex+4} (You found it on level 10 of the Dungeon)
 14867 | D:12     | Reached skill level 10 in Armour
 15155 | D:12     | Noticed Josephine
 15173 | D:12     | Killed Josephine
 15173 | D:12     | Reached XP level 13. HP: 98/111 MP: 9/13
 15278 | D:13     | Found Xygej's Antique Armour Shoppe.
 15308 | D:13     | Found a flickering gateway to a bazaar.
 15333 | Bazaar   | Entered a bazaar
 15333 | Bazaar   | Found Xojeji Legu's Magic Scroll Emporium.
 15333 | Bazaar   | Found Sach's Jewellery Shop.
 15333 | Bazaar   | Found Qareadd's Assorted Antiques.
 15333 | Bazaar   | Found Funiluipic's Antique Weapon Shop.
 15335 | Bazaar   | Found Ysuss's Armour Shoppe.
 15373 | Bazaar   | Bought the ring of the Frog {rElec rC+ Int+4 SInv} for 399
                  | gold pieces
 15373 | Bazaar   | Bought a +4 ring of strength for 243 gold pieces
 15395 | Bazaar   | Bought the +1 pair of gloves of the Villain {rN+ Dex+6} for
                  | 399 gold pieces
 15421 | Bazaar   | Bought an ancient quarterstaff for 216 gold pieces
 15502 | D:13     | Noticed Erolcha
 15514 | D:13     | Killed Erolcha
 15514 | D:13     | Reached skill level 11 in Long Blades
 16850 | D:14     | Found Siediec's Assorted Antiques.
 17156 | D:14     | Identified the amulet of Law {Acrobat rF+ rC+}
 17160 | D:14     | Identified the +4 war axe of Debt {flame, Int+7}
 17364 | D:14     | Reached XP level 14. HP: 79/119 MP: 10/14
 17370 | D:14     | Reached skill level 10 in Fighting
 17551 | D:15     | Entered Level 15 of the Dungeon
 17630 | D:15     | Found a gate leading to a gauntlet.
 17637 | Gauntlet | Entered a Gauntlet
 17637 | Gauntlet | Found a transporter.
 17648 | Gauntlet | Found a transporter.
 17650 | Gauntlet | Found a transporter.
 17664 | Gauntlet | Found a transporter.
 17666 | Gauntlet | Found a transporter.
 17675 | Gauntlet | Found a transporter.
 17676 | Gauntlet | Identified the ring "Odu Sit" {rC+ MP+9 Dex+7}
 17691 | Gauntlet | Found a transporter.
 17699 | Gauntlet | Identified the ring "Duddoyliych" {Str+3 Int+2}
 17700 | Gauntlet | Found a transporter.
 17704 | Gauntlet | Found a runed translucent door.
 17709 | Gauntlet | Found a runed translucent door.
 17710 | Gauntlet | Identified the ring of Teju {rCorr Str+6 Int-2 Dex+3}
 17711 | Gauntlet | Found a transporter.
 17713 | Gauntlet | Found a runed translucent door.
 17725 | Gauntlet | Found a transporter.
 17740 | Gauntlet | Found a transporter.
 17807 | Gauntlet | Found a transporter.
 17807 | Gauntlet | Found a transporter.
 17809 | Gauntlet | Found a transporter.
 18067 | Gauntlet | Noticed a shadow dragon
 18067 | Gauntlet | an alligator snapping turtle changed into a shadow dragon
 18105 | Gauntlet | Noticed a fire giant
 18105 | Gauntlet | a shadow dragon changed into a fire giant
 18123 | Gauntlet | Noticed a shadow dragon
 18123 | Gauntlet | a fire giant changed into a shadow dragon
 18491 | Gauntlet | Reached skill level 12 in Long Blades
 18871 | D:15     | Found Rompafuq's Assorted Antiques.
 19167 | Lair:2   | Noticed Harold
 19192 | Lair:2   | Killed Harold
 20367 | Lair:3   | Reached ***** piety under Ashenzari
 21463 | Lair:4   | Found a hole to the Spider Nest.
 21909 | Lair:4   | Found a staircase to the Swamp.
 22323 | D:13     | Bought a twisted chain mail for 361 gold pieces
 22333 | D:13     | Identified the +5 chain mail of Guorumoa {+Inv rPois rC+
                  | Str-4} (You bought it in a shop on level 13 of the Dungeon)
 22780 | Lair:5   | Found a staircase to the Slime Pits.
 23256 | Lair:6   | Entered Level 6 of the Lair of Beasts
 23267 | Lair:6   | Reached XP level 15. HP: 128/128 MP: 15/15
 23488 | Lair:6   | Found a runed translucent door.
 23535 | Lair:6   | Reached skill level 13 in Long Blades
 23684 | Lair:6   | HP: 4/129 [torpor snail (17)]
 23685 | Lair:6   | HP: 1/129 [torpor snail (10)]
 23687 | Lair:6   | Mangled by a tyrant leech

Skill      XL: |  1  2  3  4  5  6  7  8  9 10 11 12 13 14 15 |
---------------+----------------------------------------------+-----
Long Blades    | 3 4 5 6 7 8 9 10 11 12 13 | 13.0
Armour         | 1 2 3 4 6 7 8 10 11 12 | 12.5
Dodging        | 3 4 5 6 8 9 10 11 12 | 12.8
Shields        | 1 2 3 4 5 |  5.0
Fighting       | 4 5 6 7 9 10 11 | 11.1
Evocations     | 2 |  2.0
Stealth        | |  2.1

Action                   |  1- 3 |  4- 6 |  7- 9 | 10-12 | 13-15 || total
-------------------------+-------+-------+-------+-------+-------++-------
Melee: Falchion          |    90 |   279 |   576 |   837 |   788 ||  2570
       Dagger            |       |       |       |    10 |       ||    10
       Scimitar          |       |       |       |       |    32 ||    32
       Great sword       |       |       |       |       |    49 ||    49
Throw: Throwing net      |       |       |       |     2 |     2 ||     4
Invok: Curse Item        |       |       |       |       |     5 ||     5
Evoke: Wand              |       |       |       |    33 |       ||    33
  Use: Scroll            |     4 |    13 |     5 |     8 |    18 ||    48
       Potion            |     2 |     3 |     6 |     7 |    11 ||    29
 Stab: Sleeping          |     4 |       |       |     1 |       ||     5
       Paralysed         |       |       |       |     5 |       ||     5
       Held in net/web   |       |       |       |       |     3 ||     3
  Eat: Chunk             |     5 |    13 |    21 |    41 |    56 ||   136
Armor: Robe              |     8 |       |       |       |       ||     8
       Chain mail        |    13 |   158 |   324 |    32 |    78 ||   605
       Ring mail         |       |       |       |   138 |    90 ||   228
       Plate armour      |       |       |       |   103 |   143 ||   246
Dodge: Dodged            |    42 |   102 |   272 |   373 |   699 ||  1488
Block: Buckler           |       |    21 |   113 |   126 |   148 ||   408
       Rpst.: Falchion   |    13 |    37 |    73 |    96 |   166 ||   385
       Scimitar          |       |       |       |       |     7 ||     7
       Great sword       |       |       |       |       |    10 ||    10
